[Event "Late-Titled-Tuesday-Blitz-February-13-2024"]
[Site "Chess.com"]
[Date "2024.02.13"]
[Round "1"]
[White "manitodeplomo"]
[Black "pirulillo"]
[Result "1-0"]
[WhiteElo "2640"]
[BlackElo "2295"]
[TimeControl "180+1"]
[EndTime "14:07:12 PST"]
[Termination "manitodeplomo won by resignation"]

1. d4 Nf6 2. c4 g6 3. Nc3 Bg7 4.
e4 d6 5. Be2 O-O 6. Nf3 e5 7. d5 a5 8. Bg5 h6 9. Bh4 Qe8 10. Nd2 Na6 11. O-O Bd7 12. b3 Nh7 13.
a3 h5 14. f3 Bh6 15. Rb1 f5 16. b4 axb4 17. axb4 Be3+ 18. Kh1 f4 19. c5 dxc5 20. bxc5 Nxc5 21. d6 c6 22. Bf2 Bxf2 23. Rxf2 b5 24. Nb3 Nxb3 25. Qxb3+ Qe6 26. Qb4 Rfc8 27. Qc5 Nf6 28.
Bf1 Be8 29. Rd2 Nd7 30. Qf2 g5 31. Rbd1 Ra3 32. Ne2 Kg7 33. g3 Bf7 34. gxf4 gxf4 35. Ng1 Qb3 36. Bh3 Rd8 37. Qh4 Nf6 38. Qg5+ Bg6 39. Bf5 Qf7 40. Rg2 Ng4 41. Qxd8 Bxf5 42.
exf5 Qxf5 43. fxg4 hxg4 44. Qh4 g3 45. d7 1-0

[Event "Late-Titled-Tuesday-Blitz-February-13-2024"]
[Site "Chess.com"]
[Date "2024.02.13"]
[Round "1"]
[White "ChessLover0108"]
[Black "N_Mullodzhanov"]
[Result "1-0"]
[WhiteElo "2997"]
[BlackElo "2507"]
[TimeControl "180+1"]
[EndTime "14:07:15 PST"]
[Termination "ChessLover0108 won by checkmate"]

1. d4 Nf6 2. c4 g6 3. Nc3 Bg7 4. e4 d6 5. Be2 O-O 6. Be3 e5 7. d5 Na6 8. Nf3 Ng4 9. Bg5 f6 10.
Bh4 Qe8 11. Nd2 f5 12. O-O Bf6 13. Bg3 Nh6 14. f3 Nc5 15. b4 Nd7 16. Rc1 a5 17.
c5 axb4 18. Nb5 Qe7 19. Nxc7 Rxa2 20. cxd6 Qxd6 21. Nb5 Qb6+ 22. Bf2 Qa5 23. Nd6 Qa8 24. Bc4 Ra3 25. Bb5 Rc3 26. Rxc3 bxc3 27. N2c4 Nf7 28.
Qb3 Be7 29. Nxf7 Rxf7 30. d6 Bf6 31. Qxc3 fxe4 32. fxe4 b6 33. Nxb6 Nxb6 34. Bxb6 Kg7 35. Bc4 Rd7 36. Bd5 Qb8 37. Bc7 Qa7+ 38. Kh1 Bb7 39.
Qf3 Bd8 40. Qf8# 1-0

[Event "Late-Titled-Tuesday-Blitz-February-13-2024"]
[Site "Chess.com"]
[Date "2024.02.13"]
[Round "1"]
[White "Kiborg95"]
[Black "Valeron87"]
[Result "1-0"]
[WhiteElo "2840"]
[BlackElo "2442"]
[TimeControl "180+1"]
[EndTime "14:07:15 PST"]
[Termination "Kiborg95 won by checkmate"]

1. e4 c5 2. Nc3 Nc6 3. Nge2 Nf6 4.
g3 d5 5. exd5 Nxd5 6. Bg2 Nc7 7.
O-O Bg4 8. h3 Bh5 9. g4 Bg6 10. f4 e6 11. Ng3 Bd6 12. Qe1 Nd4 13. f5 Nxc2 14. Qf2 Bxg3 15. Qxg3 Nxa1 16. fxg6 hxg6 17.
Bxb7 Rb8 18. Bc6+ Kf8 19. d3 Rb6 20. Be4 Kg8 21. Bf4 Ne8 22. Rxa1 Rxb2 23. Nd1 Rb4 24. Rc1 g5 25. Be3 Nf6 26. Bg2 Qxd3 27. Nf2 Qe2 28. Bxc5 Rb2 29. a3 Rc2 30. Rxc2 Qxc2 31. Qe3 Rh6 32. Bxa7 Qb1+ 33. Kh2 Nd5 34. Bxd5 exd5 35.
Bd4 Re6 36. Qxg5 Qc2 37. Qxg7# 1-0

[Event "Late-Titled-Tuesday-Blitz-February-13-2024"]
[Site "Chess.com"]
[Date "2024.02.13"]
[Round "1"]
[White "VitaliyBernadskiy"]
[Black "zajka-molotok"]
[Result "1-0"]
[WhiteElo "2882"]
[BlackElo "2479"]
[TimeControl "180+1"]
[EndTime "14:07:16 PST"]
[Termination "VitaliyBernadskiy won on time"]

1. e3 e5 2. b3 d5 3. Bb2 Nd7 4. Nf3 Bd6 5. c4 c6 6. Be2 Ngf6 7. g4 e4 8. Nd4 Ne5 9. g5 Ng8 10. Rg1 Ne7 11. cxd5 cxd5 12. Nc3 a6 13. Qc2 b5 14. f4 exf3 15. Nxf3 Bf5 16. e4 dxe4 17. Nxe4 Nxf3+ 18. Bxf3 Rc8 19. Bxg7 Qb6 20. Nxd6+ Qxd6 21. Qxc8+ Bxc8 22. Bxh8 Qc5 23. Rg2 Bh3 24. Rf2 Ng6 25. Bf6 Nf4 26. Be4 Ne6 27. b4 Qc4 28. Re2 Qxb4 29.
Rc1 Kd7 30. Be5 Qa3 31. Rc3 Qxa2 32.
Bc6+ Ke7 33. Rxh3 1-0

[Event "Late-Titled-Tuesday-Blitz-February-13-2024"]
[Site "Chess.com"]
[Date "2024.02.13"]
[Round "1"]
[White "ImportedItalianMaple"]
[Black "pfalcon1949"]
[Result "1-0"]
[WhiteElo "2532"]
[BlackElo "1950"]
[TimeControl "180+1"]
[EndTime "14:07:16 PST"]
[Termination "ImportedItalianMaple won on time"]

1. Nf3 Nf6 2. g3 d5 3. Bg2 c5 4. O-O h6 5. c4 d4 6. e3 Nc6 7.
d3 Bf5 8. exd4 cxd4 9. b4 e6 10. b5 Ne7 11. Bb2 Bg4 12. Qa4 Qb6 13. Bxd4 Qd8 14.
b6+ Nd7 15. bxa7 Nc6 16. Be3 Bc5 17. Bxc5 Nxc5 18. Qb5 Qd6 19. d4 Nd7 20. Ne5 Ndxe5 21.
dxe5 Qc7 22. Qc5 Rxa7 23. Nc3 Ra5 24. Nb5 Qe7 25. Bxc6+ bxc6 26. Nd6+ Kf8 27. Qxa5 g6 28. Kg2 Kg7 29. h3 Bf5 30. Nxf5+ gxf5 31. Rfd1 Qg5 32. Qd2 Qg6 33. Qf4 Rg8 34. Rd7 Kh8 35. Rad1 Qg7 36.
Rc7 Qf8 37. Rdd7 Qa3 38. Rxf7 1-0

[Event "Late-Titled-Tuesday-Blitz-February-13-2024"]
[Site "Chess.com"]
[Date "2024.02.13"]
[Round "1"]
[White "GMKrikor"]
[Black "The_Straightforward_Rook"]
[Result "1-0"]
[WhiteElo "2848"]
[BlackElo "2448"]
[TimeControl "180+1"]
[EndTime "14:07:17 PST"]
[Termination "GMKrikor won by resignation"]

1. Nf3 d5 2. c4 c6 3. d4 Nf6 4. Nc3 e6 5. cxd5 exd5 6. Bf4 Bd6 7. Bxd6 Qxd6 8. e3 O-O 9. Qb3 Re8 10. Bd3 Nbd7 11. O-O Nf8 12. h3 Ne4 13. Qc2 Nxc3 14. bxc3 Ng6 15. c4 dxc4 16. Bxc4 Be6 17. Rab1 b6 18.
a4 c5 19. Rfd1 cxd4 20. Nxd4 Bxc4 21. Qxc4 Rec8 22. Qe2 Qe5 23. Qa6 h6 24. Rb5 Qe4 25. Nf3 Nh4 26. Nxh4 Qxh4 27. Rb2 Rc7 28. Rxb6 Rd8 29.
Rxd8+ Qxd8 30. Rb1 Qd2 31. Qb5 Rc1+ 32. Rxc1 Qxc1+ 33.
Kh2 Qc7+ 34. g3 Qc2 35. Kg1 g6 36. a5 Kg7 37. Qe5+ Kh7 38. h4 Qb1+ 39. Kg2 Qb7+ 40.
Kh2 h5 41. Qf6 Kg8 42. a6 Qd7 43. Qf3 Qe6 44. Qa8+ Kg7 45. Qxa7 Qf5 46. Qd4+ Kh7 47. e4 1-0

[Event "Late-Titled-Tuesday-Blitz-February-13-2024"]
[Site "Chess.com"]
[Date "2024.02.13"]
[Round "1"]
[White "Mikhail_Golubev"]
[Black "ilya2700"]
[Result "1-0"]
[WhiteElo "2683"]
[BlackElo "2343"]
[TimeControl "180+1"]
[EndTime "14:07:17 PST"]
[Termination "Mikhail_Golubev won on time"]

1. e4 c5 2. Nf3 e6 3. d4 cxd4 4. Nxd4 Nf6 5. Nc3 Nc6 6. a3 d5 7. Bb5 Bd7 8. exd5 exd5 9. O-O Be7 10. Be2 O-O 11. Bf3 Qb6 12. Be3 Qd8 13. Nxd5 Nxd5 14.
Bxd5 Nxd4 15. Bxd4 Bb5 16. c4 Bc6 17. Bxc6 bxc6 18.
Bc3 Qc7 19. Qg4 f6 20. Qe6+ Kh8 21. Rad1 Rad8 22. Rfe1 Bd6 23. g3 h6 24. Qf5 Rfe8 25. Rxe8+ Rxe8 26. Kg2 Qe7 27. Rd3 Qc7 28. c5 Be5 29.
Qg6 1-0

[Event "Late-Titled-Tuesday-Blitz-February-13-2024"]
[Site "Chess.com"]
[Date "2024.02.13"]
[Round "1"]
[White "komogro"]
[Black "Durarbayli"]
[Result "0-1"]
[WhiteElo "2486"]
[BlackElo "2910"]
[TimeControl "180+1"]
[EndTime "14:07:19 PST"]
[Termination "Durarbayli won on time"]

1. Nf3 c5 2. g3 Nc6 3. Bg2 g6 4. O-O Bg7 5. c3 d5 6. d3 Nf6 7.
Nbd2 O-O 8. e4 b6 9. Re1 Bb7 10. a4 dxe4 11. Nxe4 Qd7 12. Be3 Rad8 13. a5 Qxd3 14.
Qxd3 Rxd3 15. axb6 Nxe4 16. bxa7 Ra8 17. Ng5 Rxe3 18. Rxe3 Nxg5 19. Rxe7 Nxe7 20. Bxb7 Rxa7 21. Rxa7 Bf8 22. b4 cxb4 23. cxb4 Nf5 24. b5 Bc5 25.
Ra8+ Kg7 26. Bd5 Nh3+ 27. Kg2 Nxf2 28. Rc8 Bd4 29. Kf3 Nd3 30. Rc7 Nd6 31. Ke2 Ne5 32.
Kd2 Nxb5 33. Rb7 Nd6 34. Rb8 h5 35. Ke2 Nf5 36. Ra8 Bg1 37. Bf3 Bxh2 0-1

[Event "Late-Titled-Tuesday-Blitz-February-13-2024"]
[Site "Chess.com"]
[Date "2024.02.13"]
[Round "1"]
[White "GlavkonVVS"]
[Black "mjelcic"]
[Result "1-0"]
[WhiteElo "2566"]
[BlackElo "2200"]
[TimeControl "180+1"]
[EndTime "14:07:20 PST"]
[Termination "GlavkonVVS won by resignation"]

1. c4 c5 2. Nc3 Nc6 3. g3 e5 4.
Bg2 d6 5. d3 Nge7 6. a3 g6 7.
e3 Bg7 8. Nge2 O-O 9. Rb1 a5 10. O-O Be6 11. Nd5 f5 12. Nec3 Kh8 13. Bd2 Bg8 14.
b4 axb4 15. axb4 Nxd5 16. Nxd5 Bxd5 17. Bxd5 Nxb4 18. Bxb4 cxb4 19. Rxb4 Rb8 20. Qb3 b6 21. Rb1 f4 22. Rxb6 Rxb6 23. Qxb6 fxg3 24. hxg3 Qf6 25. Rb2 h5 26. Be4 h4 27. gxh4 Qxh4 28. Qxd6 Qg4+ 29.
Bg2 Qd1+ 30. Kh2 Qh5+ 31. Bh3 Qh4 32. Kg2 Qg5+ 33. Kf1 Qh5 34. Qd7 Qd1+ 35. Kg2 e4 36. Bg4 Qxd3 37. Qxd3 exd3 38. Rd2 Rd8 39. c5 Bc3 40.
Rd1 d2 41. c6 Rd6 42. c7 Rc6 43. c8=Q+ Rxc8 44. Bxc8 Kg7 45. Kf3 Kf6 46. Ke2 Ke5 47. Ba6 Bb4 48. Bd3 g5 49. Rg1 g4 50. Rxg4 Ba5 51.
Re4+ Kd6 52. Ra4 Bc3 53. Rc4 Ba5 54. f4 Ke6 55. e4 Kf6 56. Rc6+ Ke7 57. Bc2 Bc3 58.
Rxc3 1-0

[Event "Late-Titled-Tuesday-Blitz-February-13-2024"]
[Site "Chess.com"]
[Date "2024.02.13"]
[Round "1"]
[White "boguszp"]
[Black "Herman-NY"]
[Result "0-1"]
[WhiteElo "2014"]
[BlackElo "2540"]
[TimeControl "180+1"]
[EndTime "14:07:21 PST"]
[Termination "Herman-NY won by checkmate"]

1. d4 Nf6 2. Nf3 g6 3. Bf4 Bg7 4. e3 d6 5. h3 O-O 6. Be2 c5 7. O-O Qb6 8. Qc1 Nc6 9. c3 Bf5 10. Nbd2 Rac8 11. dxc5 Qxc5 12. Nb3 Qb6 13. Rd1 Ne4 14. Bd3 e5 15. Bh2 Nxc3 16. bxc3 e4 17. Bxd6 Rfe8 18. Bc5 Qc7 19. Bxe4 Bxe4 20. Nfd4 Ne5 21.
Nb5 Qc6 22. Nd6 Bxg2 23. e4 Bxh3 24. Qe3 Bg4 25. Nxe8 Rxe8 26. Rd6 Qc8 27. Qf4 Nf3+ 28. Kg2 Be5 29. Qh6 Bh5 30. Rd5 Qg4+ 31. Kf1 Qxe4 32. Rxe5 Qxe5 33. Bd4 Nxd4 34. Nxd4 Qe4 35. f3 Bxf3 36.
Nxf3 Qxf3+ 37. Kg1 Re2 38. Qg5 Qf2+ 39. Kh1 Qh2# 0-1

[Event "Late-Titled-Tuesday-Blitz-February-13-2024"]
[Site "Chess.com"]
[Date "2024.02.13"]
[Round "1"]
[White "claudyna16"]
[Black "Karacsonyi_Gellert"]
[Result "0-1"]
[WhiteElo "2432"]
[BlackElo "2821"]
[TimeControl "180+1"]
[EndTime "14:07:22 PST"]
[Termination "Karacsonyi_Gellert won by checkmate"]

1. c4 Nf6 2. g3 e6 3. Bg2 d5 4. Nf3 Be7 5. O-O O-O 6. d4 dxc4 7. Qc2 a6 8. Qxc4 b5 9. Qc2 Bb7 10. Bd2 Be4 11. Qc1 c6 12. Nc3 Bxf3 13. Bxf3 Qxd4 14. Rd1 Qa7 15. a4 b4 16. Nb1 Bc5 17. Be1 Rc8 18. Nd2 Nbd7 19. a5 Ne5 20. Bg2 Neg4 21. e3 Rd8 22.
Nb3 Rxd1 23. Qxd1 Bxe3 24. fxe3 Qxe3+ 25. Kh1 h5 26. Qf3 Qe5 27. Bxb4 Qxb2 28. Ba3 Qc2 29.
Rc1 Qa2 30. Bc5 Rd8 31. h3 Ne5 32. Qe3 Nd3 33. Rc3 Nxc5 34. Nxc5 Rd2 35. Qf3 Rxg2 36. Qxg2 Qa1+ 37. Kh2 Qxc3 38. Qxc6 Qd2+ 39. Kg1 Qe1+ 40. Kg2 Nd5 41. Qe8+ Kh7 42. Qxf7 Ne3+ 43. Kh2 Qe2+ 44. Kg1 Qg2# 0-1

[Event "Late-Titled-Tuesday-Blitz-February-13-2024"]
[Site "Chess.com"]
[Date "2024.02.13"]
[Round "1"]
[White "picturesquecheck"]
[Black "FontVella8"]
[Result "1-0"]
[WhiteElo "2403"]
[BlackElo "2708"]
[TimeControl "180+1"]
[EndTime "14:07:22 PST"]
[Termination "picturesquecheck won on time"]

1. e4 c6 2. d4 d5 3. exd5 cxd5 4. Bd3 Nf6 5. c3 Nc6 6. h3 g6 7.
Nf3 Bf5 8. Be2 e6 9. O-O Qc7 10.
Re1 Bd6 11. Na3 a6 12. Nc2 h5 13. Ne3 O-O-O 14. a4 Bf4 15. b4 Ne4 16. Qb3 g5 17. Nxf5 exf5 18. Bxf4 Qxf4 19. b5 Na5 20.
Qb4 b6 21. Bd3 g4 22. Bxe4 fxe4 23. Ne5 gxh3 24. Re3 h2+ 25. Kh1 Qxf2 26. Rae1 Rhg8 27. R3e2 Qf6 28. bxa6 Kb8 29. c4 Ka7 30. c5 Rb8 31.
Rb1 Kxa6 32. Qb5+ Ka7 33. Reb2 Nc4 34. Nc6+ Kb7 35. Nxb8 1-0

[Event "Late-Titled-Tuesday-Blitz-February-13-2024"]
[Site "Chess.com"]
[Date "2024.02.13"]
[Round "1"]
[White "Antipov_Mikhail_Al"]
[Black "Mikayel99"]
[Result "1-0"]
[WhiteElo "2961"]
[BlackElo "2501"]
[TimeControl "180+1"]
[EndTime "14:07:23 PST"]
[Termination "Antipov_Mikhail_Al won by resignation"]

1. e4 c5 2. Nf3 d6 3. Bb5+ Bd7 4. c4 e5 5. Nc3 Nc6 6. d3 Nge7 7. O-O Ng6 8. Nd5 Be7 9. b4 Nxb4 10. Bxd7+ Qxd7 11. Nxb4 cxb4 12. Rb1 a5 13. a3 b5 14. axb4 bxc4 15. b5 cxd3 16. Qxd3 O-O 17. Rd1 Rfb8 18. Be3 a4 19. b6 Rb7 20. g3 a3 21. Ra1 a2 22. Rd2 Qe6 23. Kg2 Nf8 24. Qb5 Nd7 25.
Qc6 Rab8 26. Rdxa2 Nxb6 27. Rb2 Bd8 28. Bxb6 Rxb6 29. Rxb6 Bxb6 30. Qxb6 Re8 31. Ra7 f5 32. Qb7 Qg6 33. Nh4 Qf6 34. Nxf5 h6 35. Nxg7 Rf8 36. Nf5 Qg6 37. Ne7+ 1-0

[Event "Late-Titled-Tuesday-Blitz-February-13-2024"]
[Site "Chess.com"]
[Date "2024.02.13"]
[Round "1"]
[White "verrbaa"]
[Black "Elsa167"]
[Result "0-1"]
[WhiteElo "2480"]
[BlackElo "2893"]
[TimeControl "180+1"]
[EndTime "14:07:24 PST"]
[Termination "Elsa167 won on time"]

1. e4 e6 2. d4 d5 3. Nc3 Bb4 4. e5 c5 5. a3 Bxc3+ 6. bxc3 Nc6 7. h4 Bd7 8. h5 Qa5 9. Bd2 O-O-O 10. a4 f6 11. Nf3 fxe5 12. dxe5 Nh6 13. g3 Rdf8 14. Bh3 Nf5 15. O-O h6 16. c4 Qc7 17. cxd5 exd5 18.
Re1 Be6 19. Bf4 Qd7 20. c3 Rhg8 21. Bxf5 Rxf5 22. Nh4 Rf7 23. Qc2 d4 24. Rad1 Qd5 25. Qe4 Qxe4 26. Rxe4 dxc3 27. Rc1 b6 28. Rxc3 Rd8 29.
Rc1 Kb7 30. Ng6 Rd4 31. Rxd4 Nxd4 32. Rd1 Bg4 33. Rd3 Bxh5 34. e6 Nxe6 35. Ne5 Re7 36. Be3 Ng5 0-1

[Event "Late-Titled-Tuesday-Blitz-February-13-2024"]
[Site "Chess.com"]
[Date "2024.02.13"]
[Round "1"]
[White "Alblooshi_Hamad"]
[Black "dennisodessa"]
[Result "0-1"]
[WhiteElo "2231"]
[BlackElo "2582"]
[TimeControl "180+1"]
[EndTime "14:07:24 PST"]
[Termination "dennisodessa won by resignation"]

1. d4 e6 2. e4 d5 3. Nc3 Bb4 4.
e5 c5 5. a3 Ba5 6. Qg4 Kf8 7.
Ne2 cxd4 8. Nxd4 Nc6 9. Nxc6 bxc6 10. b4 Bc7 11. f4 a5 12. Rb1 axb4 13. axb4 Ne7 14.
Bd3 Bb6 15. h4 Ba6 16. Qf3 Bxd3 17. Qxd3 h5 18. Ke2 Nf5 19. g3 Rh6 20. Rh3 Rg6 21. Bd2 Ra3 22. Bc1 Ra7 23. Nd1 Qa8 24. Bd2 Ke8 25. c3 Ra1 26. Rxa1 Qxa1 27. Qc2 Nxg3+ 28. Kf3 Ne4 29. Be1 Qa6 30. Qe2 Qa4 31. Nf2 Nxf2 32. Bxf2 Bxf2 33. Qxf2 Qa1 34. Qd2 Qf1+ 35. Qf2 Qxh3+ 0-1

[Event "Late-Titled-Tuesday-Blitz-February-13-2024"]
[Site "Chess.com"]
[Date "2024.02.13"]
[Round "1"]
[White "riconaipe"]
[Black "jinxy2009"]
[Result "1-0"]
[WhiteElo "2588"]
[BlackElo "2236"]
[TimeControl "180+1"]
[EndTime "14:07:25 PST"]
[Termination "riconaipe won on time"]

1. Nc3 d5 2. d4 Nf6 3. Bf4 c5 4.
e3 cxd4 5. exd4 Bg4 6. f3 Bd7 7. Bd3 Nc6 8. Nge2 Nb4 9. O-O Nxd3 10. Qxd3 e6 11. Be5 Be7 12. f4 O-O 13. Ng3 Rc8 14.
f5 Qb6 15. Rab1 Rc4 16. fxe6 Bxe6 17. Nce2 Ng4 18. Bf4 Bf6 19. c3 g6 20. h3 h5 21.
hxg4 h4 22. Nf5 gxf5 23. gxf5 Bd7 24. Kh1 Kg7 25. Be5 Rh8 26. Nf4 Bxe5 27. dxe5 Qh6 28.
Nh3 Rg4 29. Rbe1 Kf8 30. e6 Bc6 31. e7+ Ke8 32. Qf3 Rhg8 33. Rf2 d4 34. Qd1 Bxg2+ 35. Rxg2 Rxg2 36. Qxd4 Qd2 37. Qa4+ 1-0

[Event "Late-Titled-Tuesday-Blitz-February-13-2024"]
[Site "Chess.com"]
[Date "2024.02.13"]
[Round "1"]
[White "ErikRonka"]
[Black "DonPreuss"]
[Result "1-0"]
[WhiteElo "2558"]
[BlackElo "2183"]
[TimeControl "180+1"]
[EndTime "14:07:25 PST"]
[Termination "ErikRonka won on time"]

1. e4 Nc6 2. Nf3 e5 3. Bb5 Bc5 4. c3 Bb6 5. d4 exd4 6. cxd4 Nge7 7. d5 Nb8 8. O-O O-O 9. Nc3 d6 10. h3 Ng6 11. Bg5 f6 12. Bd2 a6 13. Bc4 f5 14. Re1 f4 15. Rc1 Nd7 16. Ne2 Nh4 17. Ned4 Bxd4 18. Nxd4 Ne5 19. Bf1 Qg5 20. Kh1 Qg6 21.
f3 Qg3 22. Re2 Rf6 23. Qe1 Qg5 24. Rxc7 Rg6 25. Qf2 Qh6 26. Ne6 Bxe6 27. dxe6 Re8 28.
Be1 Rg3 29. Qb6 Nhxf3 30. Bxg3 fxg3 31. gxf3 Nxf3 32. Qe3 Qh4 33. Qxf3 Rf8 34. Rf7 Re8 35. e7 h6 36. Rf8+ Kh7 37. Qf5+ 1-0

[Event "Late-Titled-Tuesday-Blitz-February-13-2024"]
[Site "Chess.com"]
[Date "2024.02.13"]
[Round "1"]
[White "zverr1"]
[Black "norwaytoadog"]
[Result "1-0"]
[WhiteElo "2568"]
[BlackElo "2207"]
[TimeControl "180+1"]
[EndTime "14:07:26 PST"]
[Termination "zverr1 won on time"]

1. e4 c5 2. Nf3 d6 3. Nc3 a6 4. d4 cxd4 5. Nxd4 Nf6 6. h3 e5 7.
Nde2 h5 8. g3 Be6 9. Bg2 Be7 10.
a4 Nc6 11. Be3 Rc8 12. b3 O-O 13. O-O h4 14. f4 exf4 15. gxf4 Nh7 16. Nd5 Bxd5 17.
exd5 Nb4 18. c4 Bf6 19. Bd4 a5 20. Qd2 Re8 21. Rae1 Re7 22. Bxf6 Nxf6 23. Nd4 Qb6 24. Rxe7 Nc2 25. Qxc2 Qxd4+ 26. Kh1 b5 27. axb5 a4 28. bxa4 Rxc4 29. Qf2 Qd3 30. Rfe1 Nh5 31. Qxh4 g6 32.
R7e3 Qd2 33. R1e2 Rc1+ 34. Kh2 Qd1 35. Re1 1-0

[Event "Late-Titled-Tuesday-Blitz-February-13-2024"]
[Site "Chess.com"]
[Date "2024.02.13"]
[Round "1"]
[White "ValeriyGrinev"]
[Black "martinmena"]
[Result "1-0"]
[WhiteElo "2547"]
[BlackElo "2140"]
[TimeControl "180+1"]
[EndTime "14:07:27 PST"]
[Termination "ValeriyGrinev won on time"]

1. e4 c6 2. Nf3 d5 3. exd5 cxd5 4. d4 Nf6 5. Bd3 Nc6 6. c3 Qc7 7. O-O Bg4 8. h3 Bh5 9. Re1 e6 10. Bg5 Be7 11. Nbd2 O-O 12. Qb1 h6 13. Bh4 Bxf3 14.
Nxf3 Nh5 15. Bxe7 Nxe7 16. Bf1 Rab8 17. a4 b6 18. Qd3 Nf4 19. Qd2 Nfg6 20. g3 Nf5 21.
Bg2 Nd6 22. Qd3 b5 23. axb5 Rxb5 24. Ra2 Rfb8 25. b4 Rc8 26. Rea1 Qxc3 27. Qxc3 Rxc3 28. Rxa7 Rxb4 29. Rd7 Ne4 30. Ra8+ Kh7 31. Rxf7 Nd6 32. Rd7 Nf5 33. Raa7 Nf8 34. Rf7 Kg8 35. g4 Nxd4 36. Rxg7+ Kh8 37. Ne5 Rc1+ 38. Kh2 Ne2 39. Rgf7 Rb8 40.
Bf3 Nd4 41. Bg2 1-0

[Event "Late-Titled-Tuesday-Blitz-February-13-2024"]
[Site "Chess.com"]
[Date "2024.02.13"]
[Round "1"]
[White "SouS007"]
[Black "jcibarra"]
[Result "0-1"]
[WhiteElo "2498"]
[BlackElo "2938"]
[TimeControl "180+1"]
[EndTime "14:07:28 PST"]
[Termination "jcibarra won on time"]

1. e4 c5 2. Nf3 e6 3. d4 cxd4 4. Nxd4 Bc5 5. Nb3 Bb6 6. Nc3 Ne7 7. Be2 O-O 8. O-O f5 9. a4 Nbc6 10. exf5 Nxf5 11. Bf3 d5 12. g3 Qf6 13. Bg2 Qg6 14. a5 Bc7 15. Nb5 Be5 16. c3 a6 17.
N5d4 Ncxd4 18. Nxd4 Bd7 19. Nf3 Bc7 20. Re1 Bb5 21. Nd4 Nxd4 22. Qxd4 Rad8 23. Be3 e5 24. Qc5 Bc6 25. Rad1 Qf7 26. Bg5 Rd7 27. Bh3 d4 28. f4 Rd5 29. Qe7 Re8 30. Qxf7+ Kxf7 31. cxd4 exd4 32.
Bg2 Rxa5 33. Bxc6 bxc6 34. Rxe8 Kxe8 35. Kg2 Bb6 36. Re1+ Kf8 37. Be7+ Kf7 38. Bd6 Rd5 39. Bb4 Rb5 40. Ba3 Bc5 0-1

[Event "Late-Titled-Tuesday-Blitz-February-13-2024"]
[Site "Chess.com"]
[Date "2024.02.13"]
[Round "1"]
[White "FMJoseHerrera"]
[Black "emeli_chess"]
[Result "1-0"]
[WhiteElo "2714"]
[BlackElo "2372"]
[TimeControl "180+1"]
[EndTime "14:07:28 PST"]
[Termination "FMJoseHerrera won on time"]

1. Nf3 f5 2. g3 Nf6 3. d3 d6 4. Nc3 e5 5. Bg2 Be7 6. h4 O-O 7. h5 c6 8. h6 g6 9. Bg5 Be6 10. Qd2 Nbd7 11. Nh4 Qe8 12. O-O-O Qf7 13. Kb1 d5 14. d4 e4 15. e3 b5 16. Ne2 a5 17.
Nf4 b4 18. Rh3 Rfb8 19. Rdh1 Nf8 20. f3 exf3 21. Nxf3 Ne4 22. Qd3 Bxg5 23. Ne5 Qe8 24. Bxe4 dxe4 25. Qe2 Bf6 26. g4 Bxe5 27. Nxe6 Qxe6 28.
gxf5 Qxf5 29. dxe5 Qxe5 30. Rh4 Re8 31. Rf1 Qd5 32.
Rhf4 Rad8 33. b3 a4 34. bxa4 Ne6 35. Rf7 Nc5 36. Rg7+ Kh8 37. Rff7 Qd1+ 38. Qxd1 Rxd1+ 39. Kb2 Nxa4+ 40. Kb3 Rb1+ 41. Kc4 1-0

[Event "Late-Titled-Tuesday-Blitz-February-13-2024"]
[Site "Chess.com"]
[Date "2024.02.13"]
[Round "1"]
[White "PepeCuenca"]
[Black "StarkyNZ"]
[Result "1-0"]
[WhiteElo "2689"]
[BlackElo "2353"]
[TimeControl "180+1"]
[EndTime "14:07:28 PST"]
[Termination "PepeCuenca won by resignation"]

1. c4 e5 2. Nc3 Bb4 3. Nd5 Be7 4. d4 exd4 5. Qxd4 Nf6 6. Nxe7 Qxe7 7. Bg5 Qb4+ 8. Bd2 Qe7 9. Nf3 Nc6 10. Qd3 O-O 11. O-O-O h6 12. e3 d6 13. Qc2 Ne4 14. Be1 a5 15.
Bd3 Nc5 16. a3 a4 17. Be2 Re8 18. Bc3 Ne4 19. Rhf1 Bf5 20. Bd3 Nxc3 21. Qxc3 Bxd3 22. Rxd3 Ra5 23. Rd5 b6 24. Nd4 Nxd4 25. Qxd4 Qe4 26. Rxa5 Qxg2 27. Qd3 bxa5 28. h4 Re5 29. Kb1 Qf3 30. Qd2 Qe4+ 31. Ka1 Qxc4 32. Rc1 Qb3 33. Rxc7 Rd5 34. Rc8+ Kh7 35. Qc2+ Qxc2 36. Rxc2 g5 37. hxg5 hxg5 38. Rc4 Kg6 39. Rxa4 Kf5 40. e4+ Ke5 41. exd5 Kxd5 42. Rxa5+ 1-0

[Event "Late-Titled-Tuesday-Blitz-February-13-2024"]
[Site "Chess.com"]
[Date "2024.02.13"]
[Round "1"]
[White "sakkikuska"]
[Black "brother-bear"]
[Result "1-0"]
[WhiteElo "2537"]
[BlackElo "2007"]
[TimeControl "180+1"]
[EndTime "14:07:28 PST"]
[Termination "sakkikuska won on time"]

1. e4 g6 2. d4 Bg7 3. Nf3 d6 4. Be2 Nf6 5. Nc3 O-O 6. O-O c6 7. Re1 Qc7 8. e5 dxe5 9. Nxe5 Be6 10. Bf4 Qb6 11. Na4 Qa5 12. Nc5 Bc8 13. c3 Nbd7 14. Nexd7 Nxd7 15. Nxd7 Bxd7 16. Bc4 Rfe8 17. Qb3 e6 18.
Qxb7 Qd8 19. a4 a5 20. Ra3 Qc8 21. Rb3 c5 22. Qxc8 Rexc8 23. d5 Bxa4 24. Ra3 exd5 25.
Rxa4 dxc4 26. Rxc4 Bf8 27. Ra1 Rc6 28. h3 Rb6 29. Ra2 Be7 30. Re4 Bf8 31. Rc4 Be7 32. Be3 Rb5 33. Rca4 Rab8 34. Rxa5 Rxa5 35. Rxa5 Rxb2 36.
Bxc5 Bxc5 37. Rxc5 Rb1+ 38. Kh2 Kf8 39. Re5 Rc1 40.
Re3 f6 41. Kg3 Kf7 42. Kf3 Rc2 43. Kg3 h5 44. f4 1-0

[Event "Late-Titled-Tuesday-Blitz-February-13-2024"]
[Site "Chess.com"]
[Date "2024.02.13"]
[Round "1"]
[White "FairChess_on_YouTube"]
[Black "BigAl"]
[Result "1-0"]
[WhiteElo "3084"]
[BlackElo "2523"]
[TimeControl "180+1"]
[EndTime "14:07:29 PST"]
[Termination "FairChess_on_YouTube won by resignation"]

1. e4 c6 2. Nf3 g6 3. h4 h5 4.
d4 Bg7 5. Ng5 d5 6. e5 Nh6 7.
Bd3 e6 8. c3 c5 9. Nd2 Nc6 10.
Ndf3 cxd4 11. cxd4 Qb6 12. O-O Bd7 13. Be3 Nb4 14.
Nxf7 Kxf7 15. Ng5+ Kg8 16. Bxg6 Nf5 17. Bf7+ Kf8 18. a3 Na6 19. Bxh5 Be8 20. Bxe8 Rxe8 21. g3 Kg8 22. Rc1 Rf8 23. Qg4 Nc7 24. Rfd1 Ne8 25. b4 a6 26. Rc8 Qb5 27. Nxe6 Qd7 28. Nxf8 Qxc8 29. Ng6 Qd7 30. Qxf5 Qxf5 31. Ne7+ Kf7 32. Nxf5 Ke6 33. g4 Bf8 34. h5 Rg8 35. f3 Nf6 36. exf6 Kxf6 37. Bf4 a5 38. bxa5 Bxa3 39. Rb1 Rb8 40. Rb6+ Kf7 41. Bxb8 1-0

[Event "Late-Titled-Tuesday-Blitz-February-13-2024"]
[Site "Chess.com"]
[Date "2024.02.13"]
[Round "1"]
[White "Ykow"]
[Black "BogdanDeac"]
[Result "0-1"]
[WhiteElo "2509"]
[BlackElo "3006"]
[TimeControl "180+1"]
[EndTime "14:07:29 PST"]
[Termination "BogdanDeac won by resignation"]

1. e4 c6 2. Nf3 d5 3. d3 Nd7 4. g3 dxe4 5. dxe4 e5 6. Bg2 Ngf6 7. Qe2 Bc5 8. O-O O-O 9. Rd1 Ng4 10. Rf1 a5 11. h3 Ngf6 12. Rd1 Qc7 13. a4 b6 14. Nh4 Ba6 15. Qf3 Rfd8 16. Nf5 g6 17. Nh6+ Kg7 18. Bg5 Be7 19. Ng4 Re8 20.
Nxf6 Nxf6 21. Nd2 Rad8 22. Bf1 Bxf1 23. Nxf1 h6 24. Bxf6+ Bxf6 25. h4 h5 26. Kg2 Be7 27. Ne3 Bc5 28. c3 Qe7 29. Nc4 Qe6 30. Qe2 f6 31. b3 Kf7 32. Rxd8 Rxd8 33. Rd1 Ke7 34. Rxd8 Kxd8 35. Qd2+ Kc7 36. Qh6 Qf7 37. Qd2 Qf8 38. f4 exf4 39. Qxf4+ Kb7 40. e5 f5 41. e6 Qd8 42. Qe5 Be7 43. Qe3 b5 44. axb5 cxb5 45. Ne5 Qd5+ 46. Qf3 Qxf3+ 47. Kxf3 a4 48. bxa4 bxa4 49.
Nd3 a3 50. Nc1 Kc6 51. Ke3 Kd5 52. Kd3 Kxe6 0-1